 Dungeon Crawl Stone Soup version 0.28-a0-1638-g9123634e07 (webtiles) character file.

Game seed: 6646715730919420827

30 testman the Chucker (level 3, 0/36 (39) HPs)
             Began as an Ogre Hunter on Jan 25, 2022.
             Slain by a goblin (2 damage)
             ... on level 2 of the Dungeon.
             The game lasted 00:04:27 (785 turns).

testman the Chucker (Ogre Hunter)                    Turns: 785, Time: 00:04:28

HP:   0/36 (39)     AC:  3    Str: 18    XL:     3   Next: 20%
MP:   3/3           EV:  9    Int: 12    God:
Gold: 43            SH:  0    Dex:  9    Spells: 2/2 levels left

rFire   . . .      SeeInvis .   l - +1 dagger (drain)
rCold   . . .      Faith    .   (no shield)
rNeg    . . .      Spirit   .   b - +0 robe
rPois   .          Reflect  .   (helmet restricted)
rElec   .          Harm     .   (no cloak)
rCorr   .          Rampage  .   (gloves unavailable)
Will    .....                   (boots unavailable)
Stlth   +.........              (no amulet)
HPRegen 0.12/turn               (no ring)
MPRegen 0.08/turn               (no ring)

@: drained
A: large, unfitting armour, tough skin 1
a: no special abilities


You were on level 2 of the Dungeon.
You visited 1 branch of the dungeon, and saw 2 of its levels.

You collected 43 gold pieces.

Inventory:

Hand Weapons
 l - a +1 dagger of draining (weapon)
Missiles
 c - 5 large rocks
 d - 2 throwing nets
 e - 39 stones (quivered)
Armour
 b - a +0 robe (worn)
Scrolls
 g - a scroll of vulnerability {unknown}
 i - a scroll of summoning {unknown}
 k - a scroll of brand weapon {unknown}
Potions
 f - a potion of haste {unknown}
 h - a potion of berserk rage {unknown}
 j - a potion of resistance


   Skills:
 + Level 3.9 Fighting
 + Level 4.5 Throwing
 - Level 1.7 Dodging
 - Level 0.6 Stealth


You had 2 spell levels left.
You didn't know any spells.
Your spell library was empty.

Dungeon Overview and Level Annotations

Branches:
Dungeon (2/15)

Altars:


Innate Abilities, Weirdness & Mutations

You are too large for most types of armour.
You have tough skin. (AC +1)


Message History

The giant cockroach bites you but does no damage.
The goblin drinks a potion.
The goblin suddenly seems more resistant.
The adder bites you.
* * * LOW HITPOINT WARNING * * *
The giant cockroach closely misses you.
You miss the adder.
The adder is severely wounded.
The adder bites you.
* * * LOW HITPOINT WARNING * * *
The giant cockroach bites you but does no damage.
The adder bites you.
* * * LOW HITPOINT WARNING * * *
You are poisoned.
The adder poisons you!
You hit the adder but do no damage.
The adder is severely wounded.
You feel sick. The giant cockroach barely misses you.
The adder barely misses you.
You hit the giant cockroach. You drain the giant cockroach.
You kill the giant cockroach!
You feel sick. The adder bites you but does no damage.
Unknown command.
You barely miss the adder.
The adder is severely wounded.
You feel sick. The adder bites you but does no damage.
You feel sick.
You are no longer poisoned.
The adder closely misses you. The adder completely misses you.
There is a stone staircase leading up here.
You see here a giant cockroach corpse.
You miss the adder.
The adder is severely wounded.
The goblin hits you but does no damage. The adder bites you.
* * * LOW HITPOINT WARNING * * *
Unknown command.
You closely miss the adder.
The adder is severely wounded.
The adder bites you but does no damage. The goblin hits you with a +0 dagger.
You die...

#> ## #. .# #.
..# #.# ...#
#..####...#
######.#......#
..............#
≈###..S@#....#
#≈≈≈≈≈≈.g..####
..≈..≈≈≈)#.#
#.#....(≈≈...#
#....#(.≈###...#
...#.(#... ....
#####(.### ...
##! .# #(


You could see an adder (drained) and a goblin (resistant).

Vanquished Creatures
  2 dart slugs (D:1)
  3 bats (D:1)
  3 giant cockroaches
  5 goblins
  2 hobgoblins (D:1)
  3 ball pythons (D:1)
  A frilled lizard (D:1)
  4 kobolds
  3 rats (D:1)
26 creatures vanquished.

Notes
Turn   | Place    | Note
-------+----------+-------------------------------------------
     0 | D:1      | testman the Ogre Hunter began the quest for the Orb.
     0 | D:1      | Reached XP level 1. HP: 22/22 MP: 1/1
   153 | D:1      | Reached XP level 2. HP: 31/31 MP: 2/2
   432 | D:1      | Reached XP level 3. HP: 19/39 MP: 3/3
   785 | D:2      | Slain by a goblin

Illustrated notes

Levels and vault maps discovered:
D:1:      dpeg_arrival_solitude, layout_basic, chequers_hall_statues_wall_a
D:2:      layout_rooms, serial_rivers, chequers_serial_rivers_marsh,
          chequers_serial_rivers_micro_a, chequers_serial_rivers_small_a,
          chequers_serial_rivers_micro_d, chequers_serial_rivers_small_a

Skill      XL: |  1 |
---------------+----+-----
Fighting       | 3 |  3.9
Throwing       | |  4.5
Dodging        | |  1.7
Stealth        | |  0.6

Action                   || total
-------------------------++-------
Melee: Short sword       ||    52
       Punch             ||     1
       Dagger            ||    25
Throw: Stone             ||    53
Armor: Robe              ||    59
Dodge: Dodged            ||    68

Table legend: (Time is in decaauts)
 A = Elapsed time spent in this place.
 B = Non-inter-level travel time spent in this place.
 C = Inter-level travel time spent in this place.
 D = Time resting spent in this place.
 E = Time spent auto-exploring this place.
 F = Levels seen in this place.
 G = Mean time per level.
                   A        B        C        D        E       F      G
               +--------+--------+--------+--------+--------+-----+--------+
         Total |    784 |    776 |      8 |    139 |    431 |   2 |  392.0 |
       Dungeon |    784 |    776 |      8 |    139 |    431 |   2 |  392.0 |
               +--------+--------+--------+--------+--------+-----+--------+

Top non-repeatable levels by time:
     D:1: 736 daAuts
     D:2: 47 daAuts
